 Dungeon Crawl Stone Soup version bcrawl-1.21 (webtiles) character file.

Game seed: 8761460739201645531

62 Mrkan the Shield-Bearer (level 4, -8/41 HPs)
             Began as a Gnoll Fighter on Feb 11, 2020.
             Mangled by an ogre
             ... wielding a +0 giant spiked club
              (15 damage)
             ... on level 2 of the Dungeon.
             The game lasted 00:01:51 (1179 turns).

Mrkan the Shield-Bearer (Gnoll Fighter)             Turns: 1179, Time: 00:01:51

Health: -8/41      AC: 11    Str: 19    XL:     4   Next: 8%
Magic:  5/5        EV:  6    Int: 10    God:
Gold:   148        SH: 10    Dex: 15    Spells: 5/5 levels left

rFire    . . .     SeeInvis .   a - +0 trident
rCold    . . .     Gourm    .   c - +0 shield
rNeg     . . .     Faith    .   n - +0 chain mail
rPois    .         Spirit   .   (no helmet)
rElec    .         Reflect  .   (no cloak)
rCorr    .         Harm     .   k - +0 pair of gloves
MR       .....                  (no boots)
Stlth    ..........             (no amulet)
HPRegen  0.13/turn              (no ring)
MPRegen  0.09/turn              (no ring)

@: no status effects
A: distributed training, fangs 1, strong nose
a: no special abilities


You were on level 2 of the Dungeon.
You were not hungry.

You visited 1 branch of the dungeon, and saw 2 of its levels.

You collected 148 gold pieces.

Inventory:

Hand Weapons
 a - a +0 trident (weapon)
Armour
 c - a +0 shield (worn)
 k - a +0 pair of gloves (worn)
 n - a +0 chain mail (worn)
Jewellery
 i - a +5 ring of intelligence {unknown}
Scrolls
 f - 4 scrolls of amnesia {unknown}
 h - 4 scrolls of identify {unknown}
 m - a scroll of fog {unknown}
Potions
 d - a potion of might
 g - a potion of resistance {unknown}
 j - 2 potions of curing {unknown}
Comestibles
 e - a ration {!d}
 l - 5 chunks of flesh


   Skills:
 + Level 6.5 Fighting
 + Level 1.0 Short Blades
 + Level 1.0 Long Blades
 + Level 1.0 Axes
 + Level 1.0 Maces & Flails
 + Level 4.6 Polearms
 + Level 1.0 Staves
 + Level 1.0 Slings
 + Level 1.0 Bows
 + Level 1.0 Crossbows
 + Level 1.0 Throwing
 + Level 6.5 Armour
 + Level 1.0 Dodging
 + Level 1.0 Stealth
 + Level 6.5 Shields
 + Level 1.0 Unarmed Combat
 + Level 1.0 Spellcasting
 + Level 0.7 Conjurations
 + Level 0.7 Hexes
 + Level 0.7 Charms
 + Level 0.7 Summonings
 + Level 0.7 Necromancy
 + Level 0.7 Translocations
 + Level 0.7 Transmutations
 + Level 0.7 Fire Magic
 + Level 0.7 Ice Magic
 + Level 0.7 Air Magic
 + Level 0.7 Earth Magic
 + Level 0.7 Poison Magic
 + Level 1.1 Invocations
 + Level 1.0 Evocations


You had 5 spell levels left.
You didn't know any spells.
Your spell library was empty.

Dungeon Overview and Level Annotations

Branches:
Dungeon (2/12)

Altars:
Yredelemnul


Innate Abilities, Weirdness & Mutations

Your experience applies equally to all skills.
You have very sharp teeth.
Your uncanny sense of smell can sniff out nearby items.


Message History

A leopard gecko is nearby!
Your chain mail prevents you from hitting the leopard gecko.
You block the leopard gecko's attack. x2
You puncture the leopard gecko!
You kill the leopard gecko!
An ogre comes into view. It is wielding a +0 giant spiked club.
The ogre shouts!
Found a basalt altar of Yredelemnul.
An ogre is nearby!
You hit the ogre.
The ogre is lightly wounded.
The ogre hits you with a +0 giant spiked club!
You puncture the ogre! You bite the ogre, but do no damage.
The ogre is heavily wounded.
The ogre hits you with a +0 giant spiked club!!
* * * LOW HITPOINT WARNING * * *
You hit the ogre.
The ogre is heavily wounded.
The ogre hits you with a +0 giant spiked club!
You die...

##........##
#...÷8...# # #.
#...8.8..# .._
##.8._.8.# #.#.
#..8.8..# #...
###...8...# #.#.##
..........# #.#..#
).....#######.##O#
)†....+ ∆ ..>##@#
......# ##.##.#
......# #.....#
......### #.#####
........# #.#
###..)..# #.#
....[.÷.# #.#
.(......####.#
...........#.#


You could see an ogre.

Vanquished Creatures
  An adder (D:2)
  A worm (D:2)
  6 leopard geckos
  An orc (D:2)
  2 ball pythons (D:1)
  A giant cockroach (D:1)
  9 goblins
  4 hobgoblins
  A jackal (D:1)
  5 bats
  4 frilled lizards
  A kobold (D:1)
  7 rats
43 creatures vanquished.

Notes
Turn   | Place    | Note
-------+----------+-------------------------------------------
     0 | D:1      | Mrkan the Gnoll Fighter began the quest for the Orb.
     0 | D:1      | Reached XP level 1. HP: 23/23 MP: 1/1
   140 | D:1      | Reached XP level 2. HP: 29/29 MP: 2/2
   437 | D:1      | Reached XP level 3. HP: 35/35 MP: 3/3
   996 | D:2      | Found a faded altar of an unknown god.
  1006 | D:2      | Reached skill level 1 in Invocations
  1101 | D:2      | Reached skill level 1 in Short Blades
  1101 | D:2      | Reached skill level 1 in Long Blades
  1101 | D:2      | Reached skill level 1 in Axes
  1101 | D:2      | Reached skill level 1 in Maces & Flails
  1101 | D:2      | Reached skill level 1 in Staves
  1101 | D:2      | Reached skill level 1 in Slings
  1101 | D:2      | Reached skill level 1 in Bows
  1101 | D:2      | Reached skill level 1 in Crossbows
  1101 | D:2      | Reached skill level 1 in Throwing
  1101 | D:2      | Reached skill level 1 in Dodging
  1101 | D:2      | Reached skill level 1 in Stealth
  1101 | D:2      | Reached skill level 1 in Unarmed Combat
  1101 | D:2      | Reached skill level 1 in Spellcasting
  1101 | D:2      | Reached skill level 1 in Evocations
  1117 | D:2      | Reached XP level 4. HP: 34/41 MP: 5/5
  1175 | D:2      | Found a basalt altar of Yredelemnul.
  1175 | D:2      | Noticed an ogre
  1179 | D:2      | Mangled by an ogre

Skill      XL: |  1  2  3 |
---------------+----------+-----
Invocations    | 1 |  1.1
Short Blades   | 1 |  1.0
Long Blades    | 1 |  1.0
Axes           | 1 |  1.0
Maces & Flails | 1 |  1.0
Staves         | 1 |  1.0
Slings         | 1 |  1.0
Bows           | 1 |  1.0
Crossbows      | 1 |  1.0
Throwing       | 1 |  1.0
Dodging        | 1 |  1.0
Stealth        | 1 |  1.0
Unarmed Combat | 1 |  1.0
Spellcasting   | 1 |  1.0
Evocations     | 1 |  1.0
Fighting       | |  6.5
Polearms       | |  4.6
Armour         | |  6.5
Shields        | |  6.5
Conjurations   | |  0.7
Hexes          | |  0.7
Charms         | |  0.7
Summonings     | |  0.7
Necromancy     | |  0.7
Translocations | |  0.7
Transmutations | |  0.7
Fire Magic     | |  0.7
Ice Magic      | |  0.7
Air Magic      | |  0.7
Earth Magic    | |  0.7
Poison Magic   | |  0.7

Action                   |  1- 3 |  4- 6 || total
-------------------------+-------+-------++-------
Melee: Trident           |   111 |    13 ||   124
       Bite              |    10 |     1 ||    11
  Eat: Chunk             |     1 |       ||     1
Armor: Scale mail        |    61 |     4 ||    65
Dodge: Dodged            |    45 |     2 ||    47
Block: Shield            |    69 |     6 ||    75
